 Dungeon Crawl Stone Soup version 0.19-a0-1682-g5114f93 (webtiles) character file.

9322 TheGoonsmith the Grappler (level 11, -9/113 HPs)
             Began as a Troll Chaos Knight on Sept 24, 2016.
             Mangled by an eight-headed hydra (14 damage)
             ... on level 2 of the Lair of Beasts.
             The game lasted 00:17:36 (8568 turns).

TheGoonsmith the Grappler (Troll Chaos Knight)      Turns: 8568, Time: 00:17:37

Health: -9/113     AC:  9    Str: 22    XL:     11   Next: 21%
Magic:  10/10      EV: 12    Int:  8    God:    Xom [....*.]
Gold:   601        SH:  0    Dex: 14    Spells: 0 memorised, 10 levels left

rFire  . . .     SeeInvis .       - Unarmed
rCold  . . .     Gourm    +     A - +1 robe {rN+}
rNeg   + . .     Faith    .     (no shield)
rPois  +         Spirit   .     (helmet restricted)
rElec  .         Dismiss  .     u - +2 cloak
rCorr  .         Reflect  .     (gloves unavailable)
MR     .....     Harm     .     (boots unavailable)
Stlth  ++........               (no amulet)
                                x - ring of poison resistance
                                e - +2 ring of dexterity

@: very slightly contaminated
A: unfitting armour, antennae 1, claws 3, hooves 1, camouflage 1, deformed body,
fast metabolism 3, gourmand, sense surroundings 1, regeneration 1, shaggy fur 1,
tough skin 2
a: Renounce Religion


You were on level 2 of the Lair of Beasts.
You worshipped Xom.
You were a beloved toy of Xom.
You were completely stuffed.

You visited 3 branches of the dungeon, and saw 13 of its levels.

You collected 601 gold pieces.

Inventory:

Missiles
 m - 14 tomahawks
 y - 2 javelins (quivered)
 B - a throwing net
Armour
 a - a +2 robe
 u - a +2 cloak (worn)
 A - a +1 robe of positive energy (worn)
Jewellery
 e - a +2 ring of dexterity (left claw)
 v - an uncursed ring of protection from cold
 x - a ring of poison resistance (right claw)
 S - an uncursed ring of stealth
Wands
 s - a wand of digging (19/24)
 E - a wand of lightning (12/15)
 F - a wand of iceblast (4/15)
 H - a wand of random effects (22/48)
 L - a wand of flame (22/48)
 Q - a wand of polymorph (8/24)
 R - a wand of digging (9/24)
Scrolls
 g - 5 scrolls of remove curse
 r - 2 scrolls of identify
 C - 2 scrolls of recharging
 I - a scroll of noise
 K - a scroll of teleportation
 M - 2 scrolls of magic mapping
 O - a scroll of amnesia
 P - a scroll of holy word
Potions
 c - 2 potions of heal wounds
 d - a potion of cure mutation
 h - 2 potions of magic
 i - a potion of ambrosia
 j - 6 potions of curing
 k - 3 potions of lignification
 n - 3 potions of haste
 w - a potion of flight
 z - a potion of degeneration
 D - 2 potions of brilliance
Books
 t - a book of the Dragon

   Spells                             Type                      Level
   a - Flame Tongue                   Conjuration/Fire             1
   b - Cause Fear                     Hexes                        4
   c - Bolt of Fire                   Conjuration/Fire             6
   d - Dragon Form                    Transmutation                7
   e - Dragon's Call                  Summoning                    9
 J - a book of Misfortune

   Spells                             Type                      Level
   a - Confusing Touch                Hexes                        1
   b - Confuse                        Hexes                        3
   c - Gell's Gravitas                Hexes/Translocation          3
   d - Petrify                        Transmutation/Earth          4
   e - Metabolic Englaciation         Hexes/Ice                    5
   f - Yara's Violent Unravelling     Hexes/Transmutation          5
Comestibles
 b - 2 bread rations
 f - 9 fruits
 l - 9 meat rations
 o - 2 slices of pizza
 p - 15 royal jellies
 q - 9 chunks of flesh
 G - 2 beef jerkies


   Skills:
 + Level 8.6 Fighting
 + Level 3.6 Throwing
 - Level 4.0 Dodging
 * Level 13.2 Unarmed Combat


You had 10 spell levels left.
You didn't know any spells.

Dungeon Overview and Level Annotations

Branches:
Dungeon (10/15)            Temple (1/1) D:4            Lair (2/6) D:10
  Swamp: Lair:2-4    Shoals: Lair:2-4     Snake: Lair:2-4    Spider: Lair:2-4
    Orc: D:9-12

Altars:
Ashenzari
Cheibriados
Elyvilon
Gozag
Hepliaklqana
Kikubaaqudgha
Makhleb
Nemelex Xobeh
Okawaru
Ru
Sif Muna
Uskayaw
Vehumet
Xom
Yredelemnul
Zin
The Shining One
Lugonu

Shops:
D:9 %


Innate Abilities, Weirdness & Mutations

You are too large for most types of armour.
You have claws for hands.
Your metabolism is lightning-fast.
You like to eat raw meat.
Your natural rate of healing is unusually fast.
You are covered in fur. (AC +1)
You have very tough skin. (AC +2)
You have a pair of small antennae on your head.
You have large cloven feet.
Your skin changes colour to match your surroundings (Stealth+).
Armour fits poorly on your strangely shaped body.
You passively map a small area around you.


Message History

Aim: an eight-headed hydra (moderately wounded)
You throw a javelin.
The javelin hits the eight-headed hydra!
The eight-headed hydra is heavily wounded.
Throwing (i - inventory. (,) - cycle):
y - 3 javelins (quivered)
Press: ? - help, Shift-Dir - straight line, f/p - eight-headed hydra
Aim: an eight-headed hydra (moderately wounded)
You throw a javelin.
The javelin hits the eight-headed hydra!
The eight-headed hydra is heavily wounded.
The eight-headed hydra bites you!
* * * LOW HITPOINT WARNING * * *
The eight-headed hydra bites you but does no damage.
The eight-headed hydra bites you.
* * * LOW HITPOINT WARNING * * *
The eight-headed hydra bites you!
* * * LOW HITPOINT WARNING * * *
The eight-headed hydra bites you!
You die...
Xom chortles!

, , , , * , ,
,...........#P...)
#......#.#....... #
####.....#(....#...# *
#P#.#.................
,
............>.(.......
........(.............
,
..............(.......
, ,
*,#.@D(..(.<....... ,
#.........#.#...... *
....##.....####. .#...
* ... #.....# .. # . ,
,. #.....P# ..+ , ,
*#........ ..# *
#.....#.....# , ,
#.....##..... ,, * ,


You could see an eight-headed hydra.

Vanquished Creatures
  A hill giant (D:8)
  A komodo dragon (Lair:1)
  The ghost of dashit the Chopper, an amateur HOFi of Beogh (D:4)
  Prince Ribbit (D:7)
  Grinder (D:5)
  A wyvern (D:8)
  2 hungry ghosts
  9 yaks
  2 basilisks
  Menkaure (D:7)
  5 porcupines
  3 orc warriors
  3 ice beasts
  3 sky beasts
  A black bear (D:8)
  A phantom (D:4)
  6 ogres
  7 crocodiles
  5 bullfrogs
  A scorpion (D:7)
  13 killer bees
  12 wights
  5 howler monkeys
  3 crimson imps
  A bullfrog zombie (D:10)
  2 quasits
  4 hounds
  3 jellies
  A centaur skeleton (D:4)
  A bullfrog skeleton (D:9)
  9 orc wizards
  5 orc priests
  7 iguanas
  4 worker ants
  2 hound zombies
  A hound skeleton (D:7)
  A worker ant zombie (D:8)
  8 gnolls
  16 adders
  20 river rats
  A shadow imp (D:9)
  2 oozes
  An adder zombie (D:6)
  2 adder skeletons
  2 worms
  3 leopard geckos
  21 orcs
  2 ball pythons
  8 bats
  2 giant cockroaches
  3 goblins
  8 hobgoblins
  4 jackals (D:2)
  7 quokkas
  5 frilled lizards
  A kobold (shapeshifter) (D:3)
  7 kobolds
  3 quokka skeletons
  2 quokka zombies
  4 rats
261 creatures vanquished.

Vanquished Creatures (collateral kills)
  A killer bee (D:10)
1 creature vanquished.

Grand Total: 262 creatures vanquished

Notes
Turn   | Place    | Note
-------+----------+-------------------------------------------
     0 | D:1      | TheGoonsmith the Troll Chaos Knight began the quest for the Orb.
     0 | D:1      | Reached XP level 1. HP: 22/22 MP: 0/0
   205 | D:1      | Reached XP level 2. HP: 29/29 MP: 1/1
   358 | D:1      | XOM: cloud trail
   517 | D:1      | XOM: harmless Necr miscast
   626 | D:2      | XOM: silly message
   834 | D:2      | Reached XP level 3. HP: 36/36 MP: 2/2
  1023 | D:2      | Reached skill level 4 in Unarmed Combat
  1056 | D:2      | XOM: silly message
  1132 | D:2      | XOM is BORED!
  1132 | D:2      | XOM: noise
  1266 | D:3      | Reached XP level 4. HP: 45/45 MP: 3/3
  1559 | D:3      | XOM is BORED!
  1559 | D:3      | XOM: medium Fire miscast
  1605 | D:3      | Reached XP level 5. HP: 29/53 MP: 4/4
  1788 | D:3      | XOM: 2-stop teleportation journey
  1960 | D:3      | Reached skill level 5 in Unarmed Combat
  2221 | D:3      | XOM: polymorph orc -> hobgoblin
  2350 | D:4      | Noticed a phantom
  2364 | D:4      | Killed a phantom
  2364 | D:4      | Reached XP level 6. HP: 49/62 MP: 5/5
  2401 | D:4      | Reached skill level 6 in Unarmed Combat
  2433 | D:4      | Noticed dashit's ghost (amateur HOFi)
  2439 | D:4      | XOM: give mutations
  2439 | D:4      | Gained mutation: You are dopey. (Int -2) [Xom's mischief]
  2439 | D:4      | Gained mutation: Armour fits poorly on your strangely shaped body. [Xom's mischief]
  2460 | D:4      | HP: 1/62 [dashit's ghost (13)]
  2600 | D:3      | XOM: god gift: 3 needles of sleeping
  2645 | D:4      | Killed dashit's ghost
  2645 | D:4      | Reached XP level 7. HP: 69/71 MP: 6/6
  2697 | D:4      | Found a sacrificial altar of Ru.
  2716 | D:4      | Reached skill level 7 in Unarmed Combat
  2792 | D:4      | XOM: god gift: 13 royal jellies
  2843 | D:4      | Found a staircase to the Ecumenical Temple.
  2843 | D:4      | XOM: 4-stop teleportation journey
  2885 | Temple   | Entered the Ecumenical Temple
  2923 | D:4      | XOM: god gift: ring mail {god gift}
  3029 | D:4      | Found a hide-covered altar of Uskayaw.
  3110 | D:5      | XOM: stealth player
  3110 | D:5      | Entered Level 5 of the Dungeon
  3334 | D:5      | Noticed Grinder
  3339 | D:5      | Killed Grinder
  3339 | D:5      | Reached skill level 5 in Fighting
  3339 | D:5      | Reached skill level 8 in Unarmed Combat
  3339 | D:5      | Reached XP level 8. HP: 80/80 MP: 7/7
  3340 | D:5      | Found a deep blue altar of Sif Muna.
  3364 | D:5      | XOM: scenery: 1 doors close
  3435 | D:5      | XOM: summons 1 hostile shadow creature
  3825 | D:5      | XOM: medium Pois miscast
  3879 | D:6      | Gained mutation: Your skin changes colour to match your surroundings (Stealth+). [potion of mutation]
  3879 | D:6      | Lost mutation: You are dopey. (Int -2) [potion of mutation]
  3879 | D:6      | Gained mutation: You have a pair of small antennae on your head. [potion of mutation]
  3922 | D:6      | Found a radiant altar of Vehumet.
  3923 | D:6      | Found a glowing silver altar of Zin.
  3924 | D:6      | Found a snail-covered altar of Cheibriados.
  3926 | D:6      | Found an iron altar of Okawaru.
  4076 | D:6      | Reached skill level 9 in Unarmed Combat
  4162 | D:6      | XOM: god gift: jewelled lead wand {god gift}
  4264 | D:6      | XOM: summons 1 hostile demon
  4698 | D:6      | XOM: silly message
  4881 | D:6      | XOM: butterfly on damage
  4884 | D:6      | Reached skill level 10 in Unarmed Combat
  4997 | D:6      | XOM: noise
  5055 | D:7      | Noticed Prince Ribbit
  5072 | D:7      | Killed Prince Ribbit
  5072 | D:7      | Reached XP level 9. HP: 70/89 MP: 8/8
  5154 | D:7      | Noticed Menkaure
  5158 | D:7      | XOM: summons 9 friendly demons
  5162 | D:7      | Killed Menkaure
  5163 | D:7      | XOM is BORED!
  5163 | D:7      | XOM: 1-stop teleportation journey
  5326 | D:7      | XOM: cloud trail
  5450 | D:7      | Reached skill level 11 in Unarmed Combat
  5450 | D:7      | XOM: enchant monster (good)
  5572 | D:7      | Found a sparkling altar of Nemelex Xobeh.
  5576 | D:7      | Found a white marble altar of Elyvilon.
  5579 | D:7      | Found a shimmering altar of Xom.
  5592 | D:7      | XOM: draining
  5630 | D:7      | XOM: harmless Hex miscast
  5726 | D:7      | Found a sparkling altar of Nemelex Xobeh.
  5928 | D:7      | XOM is BORED!
  5928 | D:7      | XOM: summons 3 hostile demons
  5929 | D:7      | Noticed an ice devil
  6228 | D:8      | Found a glowing golden altar of the Shining One.
  6258 | D:8      | Found an opulent altar of Gozag.
  6282 | D:8      | XOM: medium Divn miscast
  6373 | D:8      | Noticed a hill giant
  6377 | D:8      | Reached XP level 10. HP: 102/102 MP: 9/9
  6380 | D:8      | XOM: draining
  6386 | D:8      | Killed a hill giant
  6386 | D:8      | Reached skill level 12 in Unarmed Combat
  6741 | D:9      | XOM: noise
  6846 | D:9      | Found Goh Usm's Food Shop.
  7237 | D:9      | XOM: mild Erth miscast
  7476 | D:10     | Entered Level 10 of the Dungeon
  7609 | D:10     | XOM: mild Conj miscast
  7750 | D:9      | XOM: god gift: potion of agility
  7757 | D:10     | Reached skill level 1 in Throwing
  7769 | D:10     | Found a staircase to the Lair.
  7773 | D:10     | XOM: harmless Air miscast
  7904 | D:10     | XOM: divination: detect creatures
  8004 | D:10     | XOM: cast spell 'Call Canine Familiar'
  8012 | D:10     | XOM: summons friendly iron imp
  8196 | D:10     | XOM: confuse monster(s)
  8200 | D:10     | XOM: divination: magic mapping
  8233 | D:10     | Reached XP level 11. HP: 99/113 MP: 10/10
  8295 | Lair:1   | Entered Level 1 of the Lair of Beasts
  8304 | Lair:1   | Reached skill level 13 in Unarmed Combat
  8388 | Lair:1   | XOM: divination: magic mapping
  8395 | Lair:1   | XOM: cast spell 'Chain of Chaos'
  8458 | Lair:1   | XOM: scenery: 1 doors open
  8463 | Lair:1   | XOM: give mutations
  8463 | Lair:1   | Gained mutation: You have large cloven feet. [Xom's grace]
  8463 | Lair:1   | Gained mutation: You passively map a small area around you. [Xom's grace]
  8554 | Lair:2   | XOM: noise
  8554 | Lair:2   | Noticed an eight-headed hydra
  8568 | Lair:2   | HP: 5/113 [eight-headed hydra (13)]
  8568 | Lair:2   | Mangled by an eight-headed hydra

Vault maps used:
D:1:      dpeg_arrival_tiny_g
D:2:      first_bread, minmay_cupped
D:3:      patterned_corridor
D:4:      lemuel_doored_altar, hangedman_ru_absence
D:5:      led_sif_book, kennysheep_small_spiral, uniq_grinder
D:6:      minitemple
D:7:      minmay_overflow_temple_star_quad, nemelex_lonely_heart_becter,
          uniq_prince_ribbit1, uniq_menkaure
D:8:      kennysheep_little_box, grunt_gozag_statues
D:9:      serial_shops, shop_statue
D:10:     minmay_lair_entry_grove, orc_0_dummy
Temple:   corrupted_temple
Lair:1:   uniq_erica
Lair:2:   cheibrodos_lair_caveside_slide

Skill      XL: |  1  2  3  4  5  6  7  8  9 10 11 |
---------------+----------------------------------+-----
Fighting       | 3 4 5 6 7 8 |  8.6
Unarmed Combat | 4 5 6 8 10 11 12 13 | 13.2
Dodging        | 4 |  4.0
Throwing       | 2 3 |  3.6

Action                   |  1- 3 |  4- 6 |  7- 9 | 10-12 || total
-------------------------+-------+-------+-------+-------++-------
Melee: Unarmed           |    91 |   134 |   317 |   265 ||   807
       Punch             |       |     2 |    15 |    19 ||    36
       Kick              |       |       |       |     6 ||     6
Throw: Javelin           |       |     3 |     9 |     6 ||    18
  Use: Scroll            |       |     9 |    14 |     5 ||    28
       Potion            |       |     3 |     2 |     3 ||     8
 Stab: Sleeping          |       |     1 |     7 |     6 ||    14
       Distracted        |       |       |     1 |       ||     1
       Confused          |       |       |       |     1 ||     1
  Eat: Chunk             |    13 |     6 |    45 |    22 ||    86
       Bread ration      |     1 |       |     1 |       ||     2
       Fruit             |       |       |     1 |       ||     1
Armor: Robe              |    50 |    89 |    93 |    95 ||   327
Dodge: Dodged            |    42 |    95 |   113 |   169 ||   419
